 Dungeon Crawl Stone Soup version 0.28-a0-769-g550dbda0cd (webtiles) character file.

Game seed: 7188848175261950841

263 mandarbmax the Ruffian (level 5, -3/49 HPs)
             Began as a Troll Gladiator on Oct 31, 2021.
             Killed by divine providence
             ... invoked by an orc priest
              (17 damage)
             ... on level 3 of the Dungeon.
             The game lasted 00:03:26 (1934 turns).

mandarbmax the Ruffian (Troll Gladiator)            Turns: 1934, Time: 00:03:27

Health: -3/49      AC:  4    Str: 22    XL:     5   Next: 97%
Magic:  4/4        EV: 10    Int:  4    God:
Gold:   136        SH:  0    Dex: 12    Spells: 4/4 levels left

rFire   . . .      SeeInvis .     - Unarmed
rCold   . . .      Faith    .   (no shield)
rNeg    + . .      Spirit   .   a - +0 robe
rPois   .          Reflect  .   b - +0 hat
rElec   .          Harm     .   (no cloak)
rCorr   .          Rampage  .   (gloves unavailable)
Will    .....                   (boots unavailable)
Stlth   +.........              (no amulet)
HPRegen 1.16/turn               i - ring of positive energy
MPRegen 0.09/turn               (no ring)

@: no status effects
A: large, unfitting armour, claws 3, regeneration 1, shaggy fur 1, tough skin 1
a: no special abilities


You were on level 3 of the Dungeon.
You visited 1 branch of the dungeon, and saw 3 of its levels.

You collected 136 gold pieces.

Inventory:

Missiles
 c - 3 throwing nets (quivered)
Armour
 a - a +0 robe (worn)
 b - a +0 hat (worn)
Jewellery
 i - a ring of positive energy (left claw)
Scrolls
 d - a scroll of identify {unknown}
 e - a scroll of noise {unknown}
Potions
 f - a potion of heal wounds {unknown}
 g - 2 potions of brilliance {unknown}
 h - a potion of berserk rage {unknown}


   Skills:
 - Level 2.0 Fighting
 - Level 2.0 Throwing
 - Level 3.0 Dodging
 + Level 6.1 Unarmed Combat


You had 4 spell levels left.
You didn't know any spells.
Your spell library contained the following spells:

 Spells                   Type           Power      Damage    Failure   Level
 Ensorcelled Hibernation  Hex/Ice        0%         N/A       65%         2
 Passwall                 Tmut/Erth      0%         N/A       65%         2
 Gell's Gravitas          Tloc           0%         N/A       86%         3
 Lesser Beckoning         Tloc           0%         N/A       86%         3
 Spider Form              Tmut/Pois      0%         N/A       86%         3
 Swiftness                Air            0%         N/A       86%         3
 Teleport Other           Tloc           0%         N/A       86%         3
 Invisibility             Hex            0%         N/A       100%        6


Dungeon Overview and Level Annotations

Branches:
Dungeon (3/15)

Altars:


Innate Abilities, Weirdness & Mutations

You are too large for most types of armour.
You have claws for hands.
Your natural rate of healing is unusually fast.
You are covered in fur. (AC +1)
You have tough skin. (AC +1)


Message History

The orc priest is severely wounded.
The orc priest barely misses you. The orc closely misses you.
You closely miss the orc priest.
The orc priest is severely wounded.
The orc hits you with a +0 whip. The orc priest hits you with a +0 whip.
The orc completely misses you.
You are too injured to fight recklessly!
You are too injured to fight recklessly!
You are too injured to fight recklessly!
You are too injured to fight recklessly!
You are too injured to fight recklessly!
You are too injured to fight recklessly!
You are too injured to fight recklessly!
You are too injured to fight recklessly!
You are too injured to fight recklessly!
You are too injured to fight recklessly!
You are too injured to fight recklessly!
You are too injured to fight recklessly!
You are too injured to fight recklessly!
You are too injured to fight recklessly!
You are too injured to fight recklessly!
You are too injured to fight recklessly!
You are too injured to fight recklessly!
You are too injured to fight recklessly!
You are too injured to fight recklessly!
The orc barely misses you.
The orc priest calls down the wrath of Beogh upon you.
Pain shoots through your body!
You are too injured to fight recklessly!
You are too injured to fight recklessly!
You claw the orc!
You kill the orc!
The orc priest mumbles some strange prayers to Beogh against you.
Beogh smites you!
* * * LOW HITPOINT WARNING * * *
You closely miss the orc. The orc closely misses you.
You scratch the orc but do no damage. The orc closely misses you.
The orc priest calls down the wrath of Beogh upon you.
Beogh smites you!
You die...

####.## #.# #.#
#.# #.# #.# #.#
#.# #@#
#######o######
......)o.....#
..####..####..#
..... #####..
###


You could see an orc priest and an orc.

Vanquished Creatures
  Sigmund (D:2)
  4 adders
  3 dart slugs
  A worm (D:2)
  4 orcs (D:3)
  7 ball pythons
  4 endoplasms (D:2)
  2 giant cockroaches
  7 goblins
  2 hobgoblins
  3 jackals (D:2)
  A kobold (D:2)
  3 quokkas
  4 bats
  A frilled lizard (D:1)
  5 rats
52 creatures vanquished.

Notes
Turn   | Place    | Note
-------+----------+-------------------------------------------
     0 | D:1      | mandarbmax the Troll Gladiator began the quest for the Orb.
     0 | D:1      | Reached XP level 1. HP: 19/19 MP: 0/0
   105 | D:1      | Reached XP level 2. HP: 28/28 MP: 1/1
   839 | D:2      | Reached XP level 3. HP: 17/35 MP: 2/2
   926 | D:2      | Noticed Sigmund
   938 | D:2      | Killed Sigmund
   939 | D:2      | Reached skill level 4 in Unarmed Combat
   939 | D:2      | Reached skill level 5 in Unarmed Combat
   939 | D:2      | Reached XP level 4. HP: 39/42 MP: 3/3
   939 | D:2      | Reached XP level 5. HP: 46/49 MP: 4/4
  1549 | D:3      | Reached skill level 6 in Unarmed Combat
  1934 | D:3      | Killed from afar by an orc priest

Illustrated notes

Levels and vault maps discovered:
D:1:      scummos_arrival_star, layout_basic, roderic_st_hans_cross
D:2:      layout_basic, uniq_sigmund
D:3:      layout_loops_corners, shapermc_ecumenical_altar_mp_vishouse

Skill      XL: |  1  2  3  4  5 |
---------------+----------------+-----
Fighting       | 2 |  2.0
Dodging        | 3 |  3.0
Unarmed Combat | 5 6 |  6.1
Throwing       | 2 |  2.0

Action                   |  1- 3 |  4- 6 || total
-------------------------+-------+-------++-------
Melee: Unarmed           |    78 |    59 ||   137
       Punch             |       |     1 ||     1
 Stab: Sleeping          |       |     1 ||     1
Armor: Robe              |    38 |    15 ||    53
Dodge: Dodged            |    41 |    37 ||    78

Table legend: (Time is in decaauts)
 A = Elapsed time spent in this place.
 B = Non-inter-level travel time spent in this place.
 C = Inter-level travel time spent in this place.
 D = Time resting spent in this place.
 E = Time spent auto-exploring this place.
 F = Levels seen in this place.
 G = Mean time per level.
                   A        B        C        D        E       F      G
               +--------+--------+--------+--------+--------+-----+--------+
         Total |   1922 |   1856 |     66 |      0 |   1531 |   3 |  640.7 |
       Dungeon |   1922 |   1856 |     66 |      0 |   1531 |   3 |  640.7 |
               +--------+--------+--------+--------+--------+-----+--------+

Top non-repeatable levels by time:
     D:1: 804 daAuts
     D:2: 699 daAuts
     D:3: 418 daAuts
